 Dungeon Crawl Stone Soup version 0.30.1-11-g7821555f0a (webtiles) character file.

Game seed: 13239921083391454207

775 MrIGI the Chiller (level 7, -1/46 HPs)
             Began as a Merfolk Ice Elementalist on Dec 14, 2023.
             Slain by an ice beast (12 damage)
             ... on level 6 of the Dungeon.
             The game lasted 00:49:04 (6481 turns).

MrIGI the Chiller (Merfolk Ice Elementalist)        Turns: 6481, Time: 00:49:04

Health: -1/46      AC: 10    Str:  8    XL:     7   Next: 84%
Magic:  11/13      EV: 13    Int: 16    God:
Gold:   248        SH:  0    Dex: 15    Spells: 6/15 levels left

rFire   . . .        e - +0 dagger (pain)
rCold   . . .        (no shield)
rNeg    . . .        y - +0 robe
rPois   .            (no helmet)
rElec   .            q - +0 cloak
rCorr   .            (no gloves)
SInv    .            (no boots)
Will    .....        f - amulet of regeneration
Stlth   +++          (no ring)
HPRegen 1.07/turn    (no ring)
MPRegen 0.13/turn

%: no passive effects
@: ice-armoured
A: (nimble swimmer 2), mertail
a: no special abilities


You were on level 6 of the Dungeon.
You visited 1 branch of the dungeon, and saw 7 of its levels.
You also visited: Ossuary.

You collected 248 gold pieces.

Inventory:

Hand Weapons
 e - a +0 dagger of pain (weapon)
 s - a +0 sling of freezing
 u - a +0 rapier
Missiles
 m - 8 poisoned darts
Armour
 a - a +0 robe
 l - a +0 leather armour
 q - a +0 cloak (worn)
 y - a +0 robe (worn)
 C - a +1 scale mail of cold resistance
Magical Staves
 w - a staff of conjuration
Jewellery
 f - an amulet of regeneration (around neck)
 t - an amulet of reflection
 D - an amulet of faith
Wands
 c - a wand of flame (6)
Scrolls
 g - a scroll of poison {unknown}
 h - a scroll of vulnerability
 j - a scroll of magic mapping
 k - 3 scrolls of immolation
 p - a scroll of amnesia
 r - 2 scrolls of teleportation
 E - a scroll of fog {unknown}
Potions
 b - a potion of magic
 d - 2 potions of might
 i - 2 potions of haste
 n - 2 potions of attraction {unknown}
 o - 2 potions of flight
 v - 2 potions of degeneration
 x - 2 potions of brilliance {unknown}
 z - a potion of mutation {unknown}
 A - a potion of heal wounds {unknown}
 B - a potion of curing


   Skills:
 - Level 1.0 Short Blades
 + Level 3.5 Dodging
 - Level 5.0 Stealth
 - Level 0.4 Shields
 * Level 4.5 Spellcasting
 - Level 1.8 Hexes
 * Level 1.5 Transmutations
 + Level 6.7 Ice Magic
 * Level 0.9 Earth Magic
 + Level 0.1 Evocations


You had 6 spell levels left.
You knew the following spells:

 Your Spells              Type           Power      Damage    Failure   Level
a - Freeze                Ice            100%       1d10      1%          1
b - Frozen Ramparts       Ice            50%        1d8       3%          3
c - Ozocubu's Armour      Ice            25%        N/A       3%          3
d - Ensorcelled Hibernat  Hex/Ice        34%        N/A       4%          2

Your spell library contained the following spells:

 Spells                   Type           Power      Damage    Failure   Level
 Sting                    Tmut/Pois      24%        1d4       12%         1
 Passwall                 Tmut/Erth      5%         N/A       14%         2
 Blink                    Tloc           6%         N/A       24%         2
 Poisonous Vapours        Pois/Air       6%         N/A       24%         2
 Summon Ice Beast         Ice/Summ       14%        N/A       36%         4
 Swiftness                Air            3%         N/A       43%         3
 Manifold Assault         Tloc           3%         N/A       85%         4
 Olgreb's Toxic Radiance  Pois           3%         N/A       85%         4
 Storm Form               Tmut/Air       3%         N/A       100%        7


Dungeon Overview and Level Annotations

Branches:
Dungeon (7/15)             Temple (0/1) D:5         Ossuary (visited)

Altars:
Okawaru


Innate Abilities, Weirdness & Mutations

((You are very nimble when in or above water. (Stealth+, EV+, Speed+++)))
Your lower body shifts to a powerful aquatic tail in water.


Message History

You closely miss the ice beast.
The ice beast is almost dead.
The ice beast hits you but does no damage.
You completely miss the ice beast.
The ice beast is almost dead.
The ice beast hits you but does no damage.
You hit the ice beast but do no damage.
The ice beast is almost dead.
The ice beast hits you. The ice beast freezes you.
You barely miss the ice beast.
The ice beast is almost dead.
The ice beast hits you but does no damage.
Casting: Ozocubu's Armour (dangerous; 3% risk of failure)
Confirm with . or Enter, or press ? or * to list all spells.
Your icy armour thickens.
The ice beast barely misses you.
You hit the ice beast but do no damage.
The ice beast is almost dead.
The ice beast hits you but does no damage.
You closely miss the ice beast.
The ice beast is almost dead.
The ice beast hits you. The ice beast freezes you!
You hit the ice beast but do no damage.
The ice beast is almost dead.
The ice beast hits you but does no damage.
You barely miss the ice beast.
The ice beast is almost dead.
The ice beast hits you but does no damage.
You hit the ice beast but do no damage.
The ice beast is almost dead.
The ice beast hits you. The ice beast freezes you!
* * * LOW HITPOINT WARNING * * *
You hit the ice beast but do no damage.
The ice beast is almost dead.
The ice beast misses you.
You hit the ice beast.
The ice beast is almost dead.
The ice beast hits you.
* * * LOW HITPOINT WARNING * * *
The ice beast freezes you!
You die...

#.....#.............#
#.....#....#........+
#.....#...#_#.......#
#.....###..#..###..##
######.........###'#
#..<......'...#
#.........#...#
#.........#...#
############@........###.#
...........Y######.....###
..........#......#.....#
..........#......#.....#
..........#......#.>...#
..........#......#.....#
..........#......#.....#
..........#....#.......#
###########'############


You could see an ice beast.

Vanquished Creatures
  Sigmund (D:3)
  An orc warrior (D:5)
  An ice beast (D:4)
  A bullfrog (D:5)
  A howler monkey (D:4)
  2 hounds (D:5)
  2 iguanas
  Jessica (D:2)
  A mummy (Ossuary)
  3 adders
  An ufetubus (D:4)
  A worm (D:4)
  3 dart slugs
  12 orcs
  2 spectral bats (Ossuary)
  7 bats
  3 endoplasms
  A giant cockroach (D:2)
  12 goblins
  11 hobgoblins
  4 quokkas
  3 ball pythons
  2 bat simulacra (Ossuary)
  A frilled lizard (D:1)
  12 gnoll zombies (Ossuary)
  5 goblin simulacra (Ossuary)
  4 goblin zombies (Ossuary)
  7 hobgoblin zombies (Ossuary)
  10 kobolds
  4 kobold zombies (Ossuary)
  3 orc zombies (Ossuary)
  7 rats
  3 rat simulacra (Ossuary)
  6 spectral goblins (Ossuary)
  4 spectral rats (Ossuary)
142 creatures vanquished.

Notes
Turn   | Place    | Note
-------+----------+-------------------------------------------
     0 | D:1      | MrIGI the Merfolk Ice Elementalist began the quest for the
                  | Orb.
     0 | D:1      | Reached XP level 1. HP: 13/13 MP: 3/3
   272 | D:1      | Reached XP level 2. HP: 17/19 MP: 3/5
   704 | D:1      | Reached skill level 1 in Short Blades
   768 | D:1      | Reached XP level 3. HP: 24/24 MP: 4/6
   909 | D:1      | Reached skill level 5 in Ice Magic
  1258 | D:2      | Learned a level 3 spell: Frozen Ramparts
  1420 | D:2      | Noticed Jessica
  1434 | D:2      | Killed Jessica
  1505 | D:2      | Found a faded altar of an unknown god.
  1593 | D:2      | Reached XP level 4. HP: 30/30 MP: 7/7
  1621 | D:2      | Learned a level 3 spell: Ozocubu's Armour
  2852 | D:3      | Noticed Sigmund
  3276 | D:4      | Reached XP level 5. HP: 29/35 MP: 9/9
  3335 | D:4      | Noticed an ice beast
  3636 | D:4      | Learned a level 2 spell: Ensorcelled Hibernation
  3716 | D:4      | Found a sand-covered staircase.
  3756 | Ossuary  | Entered an ossuary
  4949 | D:5      | Entered Level 5 of the Dungeon
  4952 | D:5      | Reached skill level 1 in Hexes
  4952 | D:5      | Reached XP level 6. HP: 36/38 MP: 7/10
  5089 | D:5      | Reached skill level 6 in Ice Magic
  5167 | D:5      | Noticed a water moccasin
  5333 | D:3      | Killed Sigmund
  5334 | D:3      | Reached XP level 7. HP: 46/46 MP: 0/12
  5543 | D:5      | Found a staircase to the Ecumenical Temple.
  5715 | D:4      | Reached skill level 1 in Transmutations
  6126 | D:5      | Reached skill level 5 in Stealth
  6249 | D:6      | Found an iron altar of Okawaru.
  6481 | D:6      | Slain by an ice beast

Illustrated notes

Levels and vault maps discovered:
D:1:      lemuel_arrival_tunnels, layout_loops_corners, chequers_mini_garden
D:2:      minmay_diamond_boxcup, layout_basic,
          shapermc_ecumenical_altar_mp_urbaneastern, kennysheep_crisscross,
          guppyfry_early_orc_mine, uniq_jessica
D:3:      minmay_general_purpose_star, layout_rooms, minmay_box_of_dots,
          uniq_sigmund
D:4:      old_forge, layout_gridville, chequers_ossuary_entry_cave
D:5:      cheibrodos_helix_gallery, layout_rooms, minmay_temple_entry_grid,
          serial_shops, shop, columned_hall_lemuel, hangedman_decor_push
D:6:      layout_gridville, okawaru_metal_pillars_1_2, serial_shops, shop,
          nicolae_shop_temple_entry_statues_fountains,
          chequers_serial_rivers_small_a, uniq_duvessa
D:7:      layout_basic, nicolae_qazlal_scattered_showers, serial_shops, shop,
          minmay_strange_pillars

Skill      XL: |  1  2  3  4  5  6  7 |
---------------+----------------------+-----
Short Blades   | 1 |  1.0
Ice Magic      | 5 6 |  6.7
Stealth        | 3 4 5 |  5.0
Dodging        | 3 |  3.5
Spellcasting   | 3 4 |  4.5
Hexes          | 1 |  1.8
Transmutations | 1 |  1.5
Shields        | |  0.4
Earth Magic    | |  0.9
Evocations     | |  0.1

Action                     |  1- 3 |  4- 6 |  7- 9 || total
---------------------------+-------+-------+-------++-------
  Melee: Dagger            |    29 |   343 |   113 ||   485
         Whip              |     1 |       |       ||     1
         Punch             |       |     3 |     1 ||     4
   Fire: Sling             |       |    32 |       ||    32
   Cast: Freeze            |    22 |    35 |    10 ||    67
         Frozen Ramparts   |     1 |     9 |     3 ||    13
         Ozocubu's Armour  |       |    13 |    10 ||    23
  Evoke: Wand              |       |       |     8 ||     8
    Use: Scroll            |       |     9 |       ||     9
   Stab: Sleeping          |     6 |    26 |     1 ||    33
         Distracted        |       |     2 |       ||     2
 Armour: Robe              |     6 |    68 |    48 ||   122
  Dodge: Dodged            |    26 |   168 |    82 ||   276
  Block: Other             |       |    47 |       ||    47
